[Event "81st Italian Championship 2022"]
[Site "Cagliari"]
[Date "2022.11.13"]
[Round "2.5"]
[White "Lodici, Lorenzo"]
[Black "Carnicelli, Valerio"]
[Result "1-0"]
[ECO "D10"]
[WhiteElo "2536"]
[BlackElo "2325"]
[Annotator "TA"]
[PlyCount "77"]
[EventDate "2022.11.12"]
[EventType "tourn"]
[EventCountry "ITA"]
[SourceTitle "playchess.com"]
[Source "ChessBase"]
[SourceQuality "1"]
[TimeControl "40/6000+30:20/3000:900+30"]

1. d4 d5 2. c4 c6 3. e3 Nf6 4. Nc3 Bf5 5. cxd5 cxd5 6. Qb3 Nc6 {[%emt 0:01:06] is more profitable than 6...Bc8 at the moment. D10: Slav Defence: 3 cxd5 (without early Nf3) and 3 Nc3.} 7. Qxb7 Bd7 $1 8. Qb3 Rb8 {[%emt 0:00:23] The position is equal.} 9. Qd1 e5 10. Nf3 Bd6 11. dxe5 Nxe5 12. Nd4 O-O 13. Be2 Qe7 14. O-O Rfc8 15. a4 {[%emt 0:00:00] [#]} Rb4 $146 (15... Rb6 $11 {remains equal.}) ({Predecessor:} 15... Bb4 16. Bd2 Nc4 17. Bxc4 dxc4 18. Qc2 Bd6 19. h3 a6 20. Rae1 Bc5 21. Bc1 Qe5 {1-0 (38) Mamedyarov,S (2782)-Van Foreest,J (2698) chess24.com INT 2021}) 16. Ra3 (16. Bb5 $16) 16... Nc6 17. Ncb5 Bb8 (17... Nxd4 $11 18. exd4 Bb8) 18. Rc3 $16 Ne4 19. Nxc6 Rxc6 20. Rxc6 Bxc6 21. Qc2 (21. Bd3 $5 ) 21... Bd7 22. Bd3 Nf6 (22... h6 $14) 23. g3 h5 (23... a6 $16) 24. b3 $18 {[%emt 0:00:00] Strongly threatening Ba3.} a6 25. Nd4 {[%emt 0:00:00] [#] Threatens to win with Ba3.} Rb7 (25... Rb6 $142 26. a5 Rb7) 26. Nc6 (26. Bxa6 $18 Rc7 27. Qe2) 26... Qd6 $16 {[%emt 0:02:28] Hoping for ...Rc7.} 27. Nxb8 {[%emt 0:00:00] White is more active.} Rxb8 28. Bb2 Ne4 29. Rd1 Ng5 30. h4 Rc8 {[%emt 0:01:14] [#]} 31. Qb1 $1 $36 {[%emt 0:01:03][%mdl 2048] White is on the roll.} (31. hxg5 Rxc2 32. Bxc2 Qb4 $17) (31. Qe2 $6 Bg4 32. Qf1 Nf3+ 33. Kh1 Qb6 $11) 31... Nf3+ 32. Kg2 Bg4 33. Bh7+ {[%emt 0:04:16] A strong pair of Bishops.} Kf8 $2 {[%emt 0:00:33] A mistake that costs the game.} (33... Kh8 $16) 34. Bf5 $18 {[%emt 0:03:13] Really sharp!} ({Don't do} 34. Be4 $6 Ne1+ 35. Kf1 (35. Rxe1 dxe4 36. Qxe4 Qd2 $16) 35... Nf3 $18) 34... Rb8 (34... Rd8 35. Bxg4 hxg4) 35. Bxg4 {[%emt 0:01:02] White is clearly winning.} hxg4 36. Qh7 Rxb3 (36... Ke7 $142 37. Qxg7 Qe6) 37. Qxg7+ Ke7 38. Qxg4 Rxb2 39. Qxf3 {[%emt 0:00:06] Weighted Error Value: White=0.25 (precise) /Black=0.50} 1-0

[Event "81st Italian Championship 2022"]
[Site "Cagliari"]
[Date "2022.11.13"]
[Round "2.6"]
[White "Moroni, Luca Jr"]
[Black "Lettieri, Giuseppe"]
[Result "1-0"]
[ECO "B44"]
[WhiteElo "2559"]
[BlackElo "2427"]
[Annotator "TA"]
[PlyCount "105"]
[EventDate "2022.11.12"]
[EventType "tourn"]
[EventCountry "ITA"]
[SourceTitle "playchess.com"]
[Source "ChessBase"]
[SourceQuality "1"]
[TimeControl "40/6000+30:20/3000:900+30"]

1. Nf3 c5 2. c4 Nc6 3. d4 cxd4 4. Nxd4 Nf6 5. Nc3 e6 6. e4 Bb4 7. Nxc6 dxc6 8. Qxd8+ Kxd8 9. e5 $1 {[%emt 0:00:57][%mdl 4] outshines the older 9.Bd2.} Nd7 {[%emt 0:08:27] B44: Sicilian: Taimanov: 5 Nb5.} 10. Bf4 f6 {[%emt 0:15:18] [#]} (10... Bxc3+ $11 11. bxc3 b6) 11. O-O-O $1 $16 Ke7 {[%emt 0:05:37] White is slightly better.} 12. exf6+ gxf6 {[%emt 0:00:06] [#]} 13. Ne4 $146 {[%emt 0:19:02] White is much more active. The black rooks are badly placed.} ({Predecessor:} 13. Be2 e5 14. Be3 Bxc3 15. bxc3 b6 16. f4 e4 17. f5 Ne5 18. Rhf1 Rg8 19. g3 {0-1 (67) Borgo,G (2362)-Cacco,C (2312) Brixen Bressanone 2019}) 13... e5 14. Be3 f5 15. Bg5+ Ke6 16. Be2 h6 (16... Rg8 $5 17. h4 h6 $15) 17. Bh4 Be7 18. Bxe7 Kxe7 19. Nd6 Nc5 20. b4 Ne4 21. Nxe4 fxe4 22. Kd2 a5 23. b5 cxb5 24. cxb5 Rg8 25. g3 Be6 26. a3 Rac8 27. Rc1 Rgd8+ 28. Ke3 Rxc1 ({Black should play} 28... Bb3 $11) 29. Rxc1 $11 {[%emt 0:00:09][%mdl 4096] Endgame Hoping for Rc7+. KRB-KRB} Rd4 $1 30. Rc7+ Kd6 31. b6 ({Reject} 31. Rxb7 Ra4 $11) 31... Bd5 {[%emt 0:01:22] White must now prevent ...Bc6.} 32. Rc3 Bc6 33. h4 Ba4 {[%emt 0:04:30] [#]} (33... Ke7 $16) 34. Rc1 (34. f4 $1 $18 {has better winning chances.}) 34... Bb3 ({Better is} 34... Bc6) 35. Rc3 (35. g4 $16) 35... Bd1 $2 {[%emt 0:01:16][%mdl 8192] [#]} (35... Ba4 $11) 36. Ba6 $1 $18 Bf3 37. Bxb7 Rd1 38. Rc6+ Ke7 39. Rc7+ Kd6 40. Bxe4 Bxe4 41. Kxe4 {[%emt 0:49:05] KR-KR} Re1+ 42. Kd3 Ra1 43. Rh7 Rxa3+ 44. Kc4 a4 45. Rxh6+ Kd7 46. Rh7+ Kc6 47. Kb4 Rf3 48. b7 Rxf2 49. Kxa4 Rb2 50. h5 {[%emt 0:00:00] White threatens Rg7 and mate.} e4 51. Re7 (51. Ka3 $142 Rb5 52. h6) 51... Rxb7 52. Rxb7 Kxb7 53. Kb4 {[%emt 0:00:00] Weighted Error Value: White=0.17 (very precise) /Black=0.41} ({Not} 53. h6 e3 $11) 1-0

[Event "81st Italian Championship 2022"]
[Site "Cagliari"]
[Date "2022.11.14"]
[Round "3.1"]
[White "Lettieri, Giuseppe"]
[Black "Barp, Alberto"]
[Result "0-1"]
[ECO "C54"]
[WhiteElo "2427"]
[BlackElo "2412"]
[Annotator "TA"]
[PlyCount "130"]
[EventDate "2022.11.12"]
[EventType "tourn"]
[EventCountry "ITA"]
[SourceTitle "playchess.com"]
[Source "ChessBase"]
[SourceQuality "1"]
[TimeControl "40/6000+30:20/3000:900+30"]

1. e4 e5 2. Nf3 Nc6 3. Bc4 Nf6 4. d3 Bc5 5. c3 d6 6. b4 Bb6 7. a4 a5 8. b5 Ne7 9. O-O Ng6 10. Nbd2 O-O 11. Bb3 c6 12. Nc4 {[%emt 0:11:37] C54: Giuoco Piano: 4 c3 Nf6, main lines with 5 d4 and 5 d3.} Bc7 13. Re1 Re8 14. Ne3 {[%emt 0:10:48] The position is equal.} d5 15. Qc2 h6 16. c4 d4 17. Nf5 {[%emt 0:03:44] [#]} c5 $146 ({Predecessor:} 17... Bxf5 18. exf5 Ne7 19. c5 Nxf5 20. Bd2 Nd7 21. b6 Bb8 22. Re4 Ne7 {½-½ (24) Zorila,M-Garcia Rodriguez,I Liape email 2003}) 18. g3 Bxf5 (18... Nh7 $17) 19. exf5 $11 Ne7 20. Ba3 b6 $1 21. Nxe5 Nxf5 (21... Qc8 $15) 22. Nf3 $1 Qd7 23. Rxe8+ Rxe8 24. Re1 Rxe1+ 25. Nxe1 Qe6 26. Qd2 Ne7 27. Bd1 Ng6 28. Qe2 Qf5 29. Bc1 Qh3 30. Qf1 Qf5 31. h3 h5 32. f4 Qd7 33. h4 Ne7 34. Bf3 Nf5 35. Kg2 Ng4 36. Bxg4 hxg4 37. Qe2 Qe6 38. Qxe6 ({Better is} 38. Qf1 $15) 38... fxe6 $15 {[%emt 0:00:01][%mdl 4096] Endgame KBN-KBN} 39. Kf2 (39. Kh2 $17) 39... Kf7 (39... e5 $19 {Strongly threatening ...exf4.} 40. fxe5 Bxe5) 40. Ng2 g6 {[%emt 0:01:15] Black is more active.} 41. Bd2 Ng7 42. Bc1 $2 {[%emt 0:00:00][%mdl 8192] This costs White the game.} (42. Kg1 $17 {is tougher.}) 42... Nh5 $1 $19 43. Bd2 Kf6 $1 44. Be1 e5 45. Kg1 (45. fxe5+ $142 Bxe5 46. Bd2 Bxg3+ 47. Ke2) 45... exf4 46. Nxf4 Bxf4 47. gxf4 {[%emt 0:00:00] KB-KN} Ke6 {[%emt 0:00:04] Threatens to win with ...Kf5.} ({Inferior is} 47... Nxf4 48. Bxa5 $1 Nxd3 49. Bxb6 $11) 48. Bd2 Ng3 $2 (48... Kf5 {( -> ...g3)} 49. Kh2 g3+ 50. Kh3 Nxf4+ 51. Kxg3 Nxd3) 49. f5+ gxf5 50. Kf2 (50. Bg5 $19 Kd7 51. Bf6) 50... Nh5 {[%emt 0:00:00] Black mates.} 51. Bg5 {[%emt 0:00:00] [#]} Kd7 $1 52. Kg2 f4 53. Kf2 f3 54. Bh6 Ke6 55. Bd2 Ke5 56. Bg5 Nf4 57. Bd8 Nxd3+ 58. Kg3 Ke4 59. h5 f2 60. Kg2 g3 61. Bc7 Ne1+ 62. Kf1 Kf3 63. Bxg3 Kxg3 64. h6 Kf3 65. h7 Ng2 {[%emt 0:00:04] Weighted Error Value: White=0.44/Black=0.23 (precise)} 0-1

[Event "81st Italian Championship 2022"]
[Site "Cagliari"]
[Date "2022.11.14"]
[Round "3.2"]
[White "Carnicelli, Valerio"]
[Black "Moroni, Luca Jr"]
[Result "0-1"]
[ECO "B33"]
[WhiteElo "2325"]
[BlackElo "2559"]
[Annotator "TA"]
[PlyCount "92"]
[EventDate "2022.11.12"]
[EventType "tourn"]
[EventCountry "ITA"]
[SourceTitle "playchess.com"]
[Source "ChessBase"]
[SourceQuality "1"]
[TimeControl "40/6000+30:20/3000:900+30"]

1. e4 c5 2. Nf3 Nc6 3. d4 cxd4 4. Nxd4 Nf6 5. Nc3 h5 6. Bc4 {[%emt 0:15:54] B33: Sicilian: Pelikan and Sveshnikov Variations.} e6 7. O-O Qc7 {[%emt 0:07:56] Against Bf4} 8. h3 {[%emt 0:09:19] White is slightly better.} a6 9. a4 {[%emt 0:00:34] [#]} b6 $146 ({Predecessor:} 9... Nxd4 10. Qxd4 Bc5 11. Qd3 b6 12. Re1 Bb7 13. Be3 Bd6 14. Bd4 Bh2+ 15. Kh1 Be5 16. Bxe5 Qxe5 {½-½ (56) He,A (2347)-Boskovic,D (2451) Chess.com INT 2021}) 10. Re1 Ne5 11. Bf1 Bb7 12. Bf4 Bc5 13. Bh2 Rc8 14. Qd2 {[%emt 0:04:29][%cal Oc3d5] next Nd5! is good for White.} O-O 15. Rad1 d6 16. Qg5 ({White should try} 16. Nb3 $11) 16... Ng6 17. Rd2 {[%emt 0:06:11][%cal Od4e6] Nxe6! is the strong threat.} Rfe8 18. Rdd1 Bb4 19. Re3 Qc5 20. Qxc5 bxc5 21. Nde2 d5 22. exd5 exd5 23. Rxe8+ Rxe8 24. Na2 Ba5 25. b4 (25. Nec1 $11 {might be stronger.}) 25... cxb4 $15 26. Nd4 Ne4 27. f3 Bb6 28. a5 $1 (28. fxe4 Rxe4 29. Kh1 Rxd4 $15) 28... Bc5 29. Bc7 $1 ({Don't play} 29. fxe4 Rxe4 30. Kh1 Rxd4 31. Rxd4 Bxd4 32. Nxb4 Bc3 33. Bxa6 Bxa6 34. Nxa6 Bxa5 $17) 29... Nc3 30. Nxc3 bxc3 31. Bb6 Bd6 32. Rd3 {[%emt 0:02:43][%mdl 1024] White has compensation.} Rc8 33. Ne2 (33. Nf5 $11 Bc5+ 34. Kh1) 33... Bb4 ({Black should play} 33... Ne5 $1 $15 34. Rxc3 Nc4) 34. Rd4 (34. Rd1 $5 ) 34... Bd6 (34... Bf8 $11) 35. Rd3 $17 {[%emt 0:00:01] [#]} Ne5 $1 36. Rxc3 Nc4 37. Bf2 Nxa5 {[%emt 0:00:41] Black is more active.} 38. Rxc8+ Bxc8 39. Nc3 Bb7 40. Na4 Nc4 41. Nc5 {[%emt 0:08:17] [#]} Bc8 42. g4 a5 43. Bd4 h4 44. Bg2 $2 (44. Kf2 $17) 44... Na3 $19 45. Nb3 $2 (45. Bf1) 45... Nxc2 46. Bc5 a4 {[%emt 0:00:00] Weighted Error Value: White=0.37/Black=0.08 (flawless)} 0-1

[Event "81st Italian Championship 2022"]
[Site "Cagliari"]
[Date "2022.11.14"]
[Round "3.3"]
[White "Godena, Michele"]
[Black "Lodici, Lorenzo"]
[Result "1-0"]
[ECO "B22"]
[WhiteElo "2463"]
[BlackElo "2536"]
[Annotator "TA"]
[PlyCount "63"]
[EventDate "2022.11.12"]
[EventType "tourn"]
[EventCountry "ITA"]
[SourceTitle "playchess.com"]
[Source "ChessBase"]
[SourceQuality "1"]
[TimeControl "40/6000+30:20/3000:900+30"]

1. e4 c5 2. c3 e5 3. Nf3 Nc6 4. Bc4 Nf6 5. d3 Be7 6. Bg5 {[%emt 0:09:01] B22: Sicilian: 2 c3.} h6 7. Bxf6 Bxf6 8. Nbd2 {[%emt 0:00:52][%cal Bb1d2,Bd2f1,Bf1e3][%mdl 32] [#] White has an edge.} Rb8 $146 ({Predecessor:} 8... O-O 9. Nf1 a6 10. a4 d6 11. Ne3 Be6 12. O-O Na5 13. Bd5 Rb8 14. Qc2 Bd7 {½-½ (42) Wakeham,M (1530)-Cornes,C (1848) ICCF email 2017}) 9. a4 a6 10. Nf1 b5 11. axb5 axb5 12. Ba2 d6 13. Ne3 g6 14. h4 Kf8 15. h5 Kg7 16. Bd5 Bd7 17. Qb3 Qe8 18. Ra6 Bd8 19. O-O Rf8 20. Rfa1 Kh8 (20... Bb6 $14) 21. Ra8 $16 {[%emt 0:03:04] Threatens to win with Bxc6.} Bc7 (21... Bf6 $16 22. R8a6 Bg7) 22. Rxb8 $18 Nxb8 23. Ra7 $1 $36 {[%emt 0:01:00][%mdl 2048] Black is under strong pressure. White is much more active. The black rooks are badly placed.} Qd8 {[%emt 0:01:40] [#]} 24. Qa2 $1 ({Don't do} 24. Bxf7 $6 c4 25. dxc4 Rxf7 $16) 24... Nc6 $2 (24... Kg7 25. hxg6 fxg6) 25. Bxc6 Bxc6 26. hxg6 fxg6 {[%emt 0:00:09][%cal Oc5c4] [#]} 27. Qe6 {[%emt 0:00:11] Inhibits c4. White is clearly winning.} Rf6 28. Qh3 h5 29. Ng5 {[%emt 0:02:06] Ng4 is the strong threat.} Qb8 30. Ra6 Bb7 {[%emt 0:01:49] [#]} 31. Qd7 Qg8 {[%emt 0:00:17] Prevents Qh7+.} 32. Ra7 {[%emt 0:00:28] Weighted Error Value: White=0.02 (flawless) /Black=0.34} 1-0

[Event "81st Italian Championship 2022"]
[Site "Cagliari"]
[Date "2022.11.14"]
[Round "3.4"]
[White "Brunello, Sabino"]
[Black "Dvirnyy, Danyyil"]
[Result "1-0"]
[ECO "B15"]
[WhiteElo "2518"]
[BlackElo "2514"]
[Annotator "TA"]
[PlyCount "77"]
[EventDate "2022.11.12"]
[EventType "tourn"]
[EventCountry "ITA"]
[SourceTitle "playchess.com"]
[Source "ChessBase"]
[SourceQuality "1"]
[TimeControl "40/6000+30:20/3000:900+30"]

1. e4 c6 2. Nc3 d5 3. Nf3 dxe4 4. Nxe4 Nf6 5. Ng3 g6 6. d4 Bg7 7. h3 {[%emt 0:10:07] B15: Caro-Kann: 3 Nc3: 3...g6 and 3...dxe4 4 Nxe4 Nf6 5 Nxf6+ exf6.} c5 {[%emt 0:05:38] [#]} 8. Be2 $146 ({Predecessor:} 8. dxc5 Qxd1+ 9. Kxd1 Nbd7 10. c3 O-O 11. Kc2 Nxc5 12. Be3 b6 13. Bxc5 bxc5 14. Re1 {0-1 (77) Schmakel,S (2349)-Bregadze,L (2467) Chicago 2016}) 8... Nc6 9. dxc5 {[%emt 0:11:05] The position is equal.} Qxd1+ 10. Kxd1 Nd7 11. c3 f5 12. Re1 e5 13. Bb5 O-O 14. Ng5 Nd8 15. f4 h6 16. fxe5 ({Better is} 16. Bc4+ Kh8 17. Nf3) 16... hxg5 17. e6 Nxe6 18. Rxe6 Nf6 19. Re7 f4 20. Ne2 Rd8+ 21. Nd4 Kf8 22. Re2 Bf5 23. Ke1 Ne4 24. c6 Bxd4 25. cxd4 {[%emt 0:00:47] [#] b3 is the strong threat.} Rxd4 {[%emt 0:00:34] aiming for ...Rad8.} 26. b3 (26. cxb7 $2 Rad8 27. Be3 fxe3 28. Rxe3 Nc5 $19) 26... bxc6 27. Bxc6 Rc8 $1 28. Ba3+ (28. Bb2 $5 Ng3 29. Re5 $14 (29. Bxd4 Nxe2 30. Bc5+ Kg7 $11)) 28... Kf7 29. Rc1 $36 {[%emt 0:00:06][%mdl 2048] [#] Black must now prevent Bb2. White fights for an advantage.} Rcd8 $1 30. Bb7 R8d7 31. Bc6 Rd8 32. Bb5 {[%emt 0:01:24] And now Rc7+ would win. A strong pair of Bishops.} g4 33. Rc7+ (33. Bb2 gxh3 34. gxh3 Rd2 $16) 33... Kf6 $2 {[%emt 0:01:02][%mdl 8192] Loses the game.} ({Weaker is} 33... Kg8 34. Bc4+ Rxc4 35. Rxc4 (35. bxc4 Nc3 $11) 35... gxh3 36. gxh3 $16 (36. Rcxe4 h2 $11)) (33... Ke6 $1 $11 {and Black stays safe.} 34. Bc4+ Ke5 35. Re7+ Kf6 36. Rf7+ Ke5) 34. Be7+ $18 {[%emt 0:00:26] White is clearly winning.} Ke5 35. Bxd8 Rxd8 36. hxg4 Rh8 37. Kd1 ({Less strong is} 37. Rc5+ Kf6 38. g5+ (38. Rc6+ Kg5 $14) 38... Ke6 $16) 37... Bxg4 38. Re7+ Kd5 39. R7xe4 {[%emt 0:00:26] Weighted Error Value: White=0.06 (flawless) /Black=0.15 (very precise)} 1-0

[Event "81st Italian Championship 2022"]
[Site "Cagliari"]
[Date "2022.11.14"]
[Round "3.5"]
[White "Basso, Pier Luigi"]
[Black "Di Benedetto, Edoardo"]
[Result "1-0"]
[ECO "C11"]
[WhiteElo "2503"]
[BlackElo "2378"]
[Annotator "TA"]
[PlyCount "82"]
[EventDate "2022.11.12"]
[EventType "tourn"]
[EventCountry "ITA"]
[SourceTitle "playchess.com"]
[Source "ChessBase"]
[SourceQuality "1"]
[TimeControl "40/6000+30:20/3000:900+30"]

1. e4 e6 2. d4 d5 3. Nc3 Nf6 4. e5 Nfd7 5. f4 c5 6. Nf3 Nc6 7. Be3 a6 8. a3 b5 {[%emt 0:06:46] C11: French: Classical System: 4 e5 and 4 Bg5 dxe4.} 9. Bd3 Qb6 10. O-O cxd4 {[%emt 0:04:29] The position is equal.} 11. Bf2 Bc5 12. Na2 {[%emt 0:08:07] [#]} a5 $146 ({Predecessor:} 12... h6 13. b4 Be7 14. Nc1 O-O 15. Nb3 Qc7 16. Nbxd4 Re8 17. Qe2 Bf8 18. Rae1 Nb6 {1-0 (35) Ratsma,M (2259)-Trippold,D (2113) Belgrade 2021}) 13. b4 axb4 14. axb4 (14. Nxb4 {seems wilder.} Ra4 15. f5 Nxb4 16. axb4 Rxa1 17. Qxa1 Bxb4 18. fxe6 fxe6 19. Qxd4 Qxd4 20. Nxd4 Nxe5 21. Bxb5+ Bd7 22. Ra1) 14... Nxb4 15. Nxb4 Rxa1 16. Qxa1 Bxb4 17. Rb1 Bc3 18. Qxc3 dxc3 19. Bxb6 Nxb6 20. Rxb5 Nd7 21. Rb3 O-O 22. Rxc3 Rd8 23. Kf2 Nf8 24. Rc7 Bd7 25. Ke3 {[%emt 0:05:52] White is much more active.} Ra8 26. Kd4 ({White should try} 26. g4 $16) 26... Ra4+ $11 27. Ke3 h6 (27... Ra8 $1 $11) 28. g3 g6 29. Rb7 Kg7 30. Rb8 Ra7 31. Kd4 Rc7 32. g4 Ba4 33. Rb2 Nd7 34. f5 gxf5 35. gxf5 exf5 36. Nh4 (36. Bxf5 $5 Bc6 37. e6 $16) 36... Nc5 (36... f4 $14) 37. Nxf5+ $16 Kh7 (37... Kg6 $16) 38. Ne3+ {[%emt 0:00:45] White is clearly better.} Nxd3 (38... Kg8 $16 {was necessary.} 39. Kxd5 Bd7 40. Rb8+ Kg7 41. Nf5+ Bxf5 42. Bxf5 Ne6) 39. cxd3 $18 Rd7 40. Rb6 ({Not} 40. Nxd5 $2 Bc6 41. Ke3 Rxd5 $19) 40... h5 41. h4 ({Much less strong is} 41. Nxd5 Ra7 42. Ke3 Kg7) 41... Kg8 {[%emt 0:49:27] Weighted Error Value: White=0.13 (very precise) /Black=0.21 (precise)} 1-0

[Event "81st Italian Championship 2022"]
[Site "Cagliari"]
[Date "2022.11.14"]
[Round "3.6"]
[White "David, Alberto"]
[Black "Sonis, Francesco"]
[Result "1/2-1/2"]
[ECO "C11"]
[WhiteElo "2517"]
[BlackElo "2547"]
[Annotator "TA"]
[PlyCount "50"]
[EventDate "2022.11.12"]
[EventType "tourn"]
[EventCountry "ITA"]
[SourceTitle "playchess.com"]
[Source "ChessBase"]
[SourceQuality "1"]
[TimeControl "40/6000+30:20/3000:900+30"]

1. e4 e6 2. d4 d5 3. Nc3 Nf6 4. e5 Nfd7 5. f4 c5 6. Nf3 Nc6 7. Be3 a6 8. Qd2 b5 9. dxc5 Bxc5 10. Bd3 {[%emt 0:00:00] C11: French: Classical System: 4 e5 and 4 Bg5 dxe4.} Qb6 ({But not} 10... d4 11. Nxd4 Nxd4 12. Ne4 $16) 11. Bf2 Bxf2+ 12. Qxf2 Qxf2+ 13. Kxf2 Nc5 14. Ne2 b4 15. Ned4 Nxd4 16. Nxd4 Bd7 17. Ke3 {[%emt 0:00:00] White is more active.} Ke7 {[%emt 0:08:12] [#]} 18. a3 $146 ({Predecessor:} 18. Rhc1 Rhc8 19. h4 h6 20. a3 a5 21. h5 Na4 22. Rcb1 Rcb8 23. axb4 axb4 24. g4 {½-½ (75) Chigaev,M (2531)-Taboas Rodriguez,D (2383) Chess.com INT 2016}) 18... a5 19. b3 Rhb8 20. Rhb1 a4 {[%emt 0:15:11] The position is equal.} 21. axb4 Rxb4 22. bxa4 Raxa4 23. Rxa4 Rxa4 24. h4 h5 25. g3 Ra8 {[%emt 0:00:55] Weighted Error Value: White=0.07 (flawless) /Black=0.06 (flawless)} 1/2-1/2

[Event "81st Italian Championship 2022"]
[Site "Cagliari"]
[Date "2022.11.15"]
[Round "4.1"]
[White "Barp, Alberto"]
[Black "Sonis, Francesco"]
[Result "1/2-1/2"]
[ECO "E15"]
[WhiteElo "2412"]
[BlackElo "2547"]
[Annotator "TA"]
[PlyCount "68"]
[EventDate "2022.11.12"]
[EventType "tourn"]
[EventCountry "ITA"]
[SourceTitle "playchess.com"]
[Source "ChessBase"]
[SourceQuality "1"]
[TimeControl "40/6000+30:20/3000:900+30"]

1. d4 Nf6 2. c4 e6 3. Nf3 b6 4. g3 Ba6 5. b3 Bb4+ 6. Bd2 Be7 7. Nc3 d5 8. cxd5 exd5 9. Bg2 O-O 10. O-O Re8 {[%emt 0:00:03] 10...Nbd7 is setting a new trend.} 11. Ne5 {[%emt 0:00:25][%cal Ob3b4] E15: Queen's Indian: 4 g3 sidelines, 4 g3 Ba6 and 4 g3 Bb7 early deviations.} Bb7 12. Qc2 c5 13. dxc5 bxc5 14. Rad1 Qc8 15. e4 Bf8 16. f4 dxe4 (16... d4 {keeps more tension.} 17. Nd5 Nbd7 18. Nxf6+ gxf6 19. Nc4 Nb6) 17. Nxe4 Nxe4 18. Bxe4 Bxe4 19. Qxe4 Nd7 {[%emt 0:00:03] [#]} 20. Qd5 $146 ({Predecessor:} 20. Qc4 Re7 21. Rfe1 {½-½ (21) Hamarat,T (2518)-Domancich,E (2433) ICCF email 2018}) 20... Nxe5 21. fxe5 Qc7 22. Bc3 Rad8 {[%emt 0:00:24] Inhibits Qd7.} 23. Qc4 {[%emt 0:01:49] [#] Rxd8 is the strong threat.} Qe7 24. Rxd8 Rxd8 {[%emt 0:00:10] The position is equal.} 25. Re1 Re8 26. Rd1 h5 27. h4 Qb7 28. Qd5 Qa6 29. Rd2 Qg6 30. Kg2 Be7 31. Qd3 Qg4 32. Qf3 Qg6 33. Qd3 Qg4 34. Qf3 Qg6 {[%emt 0:30:48] A balanced but interesting game.  Weighted Error Value: White=0.04 (flawless) /Black=0.04 (flawless)} 1/2-1/2

[Event "81st Italian Championship 2022"]
[Site "Cagliari"]
[Date "2022.11.15"]
[Round "4.2"]
[White "Di Benedetto, Edoardo"]
[Black "David, Alberto"]
[Result "0-1"]
[ECO "E08"]
[WhiteElo "2378"]
[BlackElo "2517"]
[Annotator "TA"]
[PlyCount "78"]
[EventDate "2022.11.12"]
[EventType "tourn"]
[EventCountry "ITA"]
[SourceTitle "playchess.com"]
[Source "ChessBase"]
[SourceQuality "1"]
[TimeControl "40/6000+30:20/3000:900+30"]

1. d4 Nf6 2. c4 e6 3. Nf3 d5 4. g3 Bb4+ 5. Bd2 Be7 6. Bg2 c6 7. Qc2 Nbd7 8. O-O O-O 9. Bf4 {[%emt 0:18:11] 9.Bf4 scores better than 9.Rd1.} a5 10. b3 {[%emt 0:02:38] E08: Closed Catalan: Main Line: 7 Qc2.} a4 11. Nc3 Qa5 {[%emt 0:00:19] [#]} 12. c5 $146 {[%emt 0:13:52][%cal Rc3a4] White is slightly better.} ({Predecessor:} 12. Rab1 axb3 13. axb3 b5 14. c5 b4 15. Na4 Ba6 16. Ne5 Nxe5 17. Bxe5 Nd7 18. Bf4 {0-1 (31) Panarin,V (2019)-Pushkov,N (2303) Armavir 2015}) 12... axb3 13. Qxb3 (13. axb3 {keeps more tension.} Qxa1 14. Rxa1 Rxa1+ 15. Bf1) 13... Ra6 14. Rfb1 Qd8 15. Bf1 Nh5 16. e4 Ra8 17. Bd2 Nhf6 {[%emt 0:01:33][%cal Od7c5,Bh5f6,Bf6e4,Be4d2][%mdl 32] [#] Threatens to win with ...Nxc5!} 18. e5 Ne4 19. Bd3 $2 (19. Be3 $14 {stays ahead.}) 19... Nxd2 $17 20. Nxd2 {[%emt 0:00:07] [#]} f6 $1 21. f4 fxe5 22. fxe5 Bg5 23. Nf1 Qe8 (23... b6 $17 24. cxb6 c5) 24. Qc2 Qh5 25. Qe2 {[%emt 0:03:08] Against Qg4} Qxe2 26. Bxe2 Bd8 {[%emt 0:00:05] And now ...b6 would win. Black is more active.} 27. Bg4 Re8 28. Nd2 b6 29. cxb6 Bxb6 30. Nb3 {[%emt 0:00:40] Loses the game.} (30. Nf3 $17 {was called for.}) 30... Nxe5 $1 $19 31. Be2 Ra3 32. Kg2 Nc4 {[%emt 0:00:33] Strongly threatening ...Ne3+.} 33. Bd3 {[%emt 0:01:38] Black is clearly winning.} e5 34. Re1 Bd7 35. Nb1 Raa8 36. Bxc4 dxc4 37. Nc5 exd4 38. Nxd7 Rxe1 39. Nxb6 Rb8 {[%emt 0:00:31] Weighted Error Value: White=0.52/Black=0.08 (flawless)} 0-1